 Dungeon Crawl Stone Soup version 0.20.0-7-g3b7b877 (webtiles) character file.

672 spiff the Chopper (level 7, 0/62 HPs)
             Began as a Minotaur Fighter on May 29, 2017.
             Slain by an ogre
             ... wielding a +0 giant club
              (18 damage)
             ... on level 4 of the Dungeon.
             The game lasted 00:09:05 (2732 turns).

spiff the Chopper (Minotaur Fighter)                Turns: 2732, Time: 00:09:06

Health: 0/62       AC:  9    Str: 21    XL:     7   Next: 32%
Magic:  6/6        EV: 11    Int:  5    God:
Gold:   165        SH:  0    Dex:  8    Spells: 6/6 levels left

rFire    + . .     SeeInvis .   a - +0 war axe
rCold    x . .     Gourm    .   (no shield)
rNeg     . . .     Faith    .   b - +1 scale mail
rPois    .         Spirit   .   (helmet restricted)
rElec    .         Reflect  .   r - +0 cloak
rCorr    .         Harm     .   (no gloves)
MR       .....                  (no boots)
Stlth    ..........             (no amulet)
Regen    0.2/turn               k - ring of fire
MPRegen  0.1/turn               m - -3 ring of dexterity (curse)

@: no status effects
A: retaliatory headbutt, horns 2
a: no special abilities


You were on level 4 of the Dungeon.
You were not hungry.

You visited 1 branch of the dungeon, and saw 4 of its levels.
You also visited: Sewer.

You collected 165 gold pieces.

Inventory:

Hand Weapons
 a - a +0 war axe (weapon)
Armour
 b - a +1 scale mail (worn)
 c - a +0 shield
 r - a +0 cloak (worn)
Jewellery
 k - a ring of fire (left hand)
 m - a cursed -3 ring of dexterity (right hand)
Wands
 q - a wand of polymorph (17/24)
Scrolls
 l - a scroll of fear {unknown}
 u - a scroll of identify
Potions
 d - a potion of might
 e - a potion of cancellation
 g - 3 potions of lignification
 i - a potion of heal wounds {unknown}
 n - 2 potions of berserk rage
 o - a potion of resistance {unknown}
 p - 2 potions of brilliance
 s - 2 potions of curing {unknown}
 v - a potion of haste {unknown}
Comestibles
 f - 3 bread rations
 h - a meat ration
 j - a royal jelly
 t - 5 chunks of flesh


   Skills:
 + Level 5.9 Fighting
 * Level 6.5 Axes
 + Level 5.3 Armour
 + Level 3.5 Dodging
 - Level 3.6 Shields


You had 6 spell levels left.
You didn't know any spells.

Dungeon Overview and Level Annotations

Branches:
Dungeon (4/15)
 Temple: D:4-7

Altars:
Cheibriados


Innate Abilities, Weirdness & Mutations

You reflexively headbutt those who attack you in melee.
You have a pair of horns on your head.


Message History

No target in view!
You see here a giant club.
An ogre comes into view. It is wielding a giant club.
The ogre shouts!
Found 3 scrolls of identify.
The ogre hits you with a giant club!!
You are too injured to fight recklessly!
You are too injured to fight recklessly!
You are too injured to fight recklessly!
You are too injured to fight recklessly!
You closely miss the ogre. You headbutt the ogre.
The ogre is lightly wounded.
You hit the ogre.
The ogre is moderately wounded.
The ogre hits you with a giant club!
* * * LOW HITPOINT WARNING * * *
Your scale mail prevents you from hitting the ogre.
The ogre is moderately wounded.
The ogre hits you with a giant club!!
You die...

#.# #.####
#.# #.# #.#
#.# #.# #.#
#.# #.# #.#
#.# #.# #.#
#.#########
#.#
#..@O....?.
#(#
###########
#.# #.####
#.....
#....##..
####.##..
..###. ####
## #


You could see an ogre.

Vanquished Creatures
  Purgy (Sewer)
  An ogre (D:4)
  Blork the orc (D:4)
  The ghost of mopl the Chucker, a weakling TrHu (D:3)
  Crazy Yiuf (D:2)
  2 iguanas (D:4)
  Jessica (D:3)
  3 worker ants
  An orc wizard (D:3)
  Robin (D:2)
  6 adders
  2 oozes
  A worm (D:3)
  2 dart slugs
  A leopard gecko (D:3)
  8 orcs
  4 giant cockroaches
  12 goblins
  15 hobgoblins
  6 jackals (D:1)
  2 quokkas
  3 ball pythons
  10 bats
  5 frilled lizards (D:1)
  A jackal skeleton (D:4)
  3 kobolds
  9 rats
103 creatures vanquished.

Vanquished Creatures (others)
  A rat (D:2)
1 creature vanquished.

Grand Total: 104 creatures vanquished

Notes
Turn   | Place    | Note
-------+----------+-------------------------------------------
     0 | D:1      | spiff the Minotaur Fighter began the quest for the Orb.
     0 | D:1      | Reached XP level 1. HP: 19/19 MP: 0/0
   162 | D:1      | Reached XP level 2. HP: 27/27 MP: 1/1
   311 | D:1      | Reached skill level 3 in Axes
   316 | D:1      | Reached skill level 1 in Dodging
   663 | D:2      | Reached XP level 3. HP: 25/33 MP: 2/2
   856 | D:2      | Noticed Robin
   883 | D:2      | Killed Robin
   890 | D:2      | Reached XP level 4. HP: 19/41 MP: 3/3
  1255 | D:2      | Found a runed door.
  1331 | D:2      | Noticed Crazy Yiuf
  1334 | D:2      | Killed Crazy Yiuf
  1334 | D:2      | Reached skill level 4 in Axes
  1608 | D:3      | Reached XP level 5. HP: 30/47 MP: 4/4
  1678 | D:3      | Found a glowing drain.
  1686 | D:3      | Reached skill level 5 in Fighting
  1701 | Sewer    | Entered a sewer
  1734 | Sewer    | Noticed Purgy
  1766 | Sewer    | Killed Purgy
  1766 | Sewer    | Reached skill level 5 in Axes
  1766 | Sewer    | Reached XP level 6. HP: 56/56 MP: 5/5
  1874 | D:3      | Noticed mopl's ghost (weakling TrHu)
  1887 | D:3      | Killed mopl's ghost
  2174 | D:3      | Noticed Jessica
  2184 | D:3      | Killed Jessica
  2510 | D:4      | Found a snail-covered altar of Cheibriados.
  2544 | D:4      | Noticed Blork the orc
  2552 | D:4      | Killed Blork the orc
  2552 | D:4      | Reached skill level 6 in Axes
  2552 | D:4      | Reached skill level 5 in Armour
  2635 | D:4      | Reached XP level 7. HP: 61/62 MP: 6/6
  2732 | D:4      | Slain by an ogre

Skill      XL: |  1  2  3  4  5  6 |
---------------+-------------------+-----
Axes           | 3 4 5 6 |  6.5
Dodging        | 1 2 3 |  3.5
Fighting       | 4 5 |  5.9
Armour         | 4 5 |  5.3
Shields        | |  3.6

Action                   |  1- 3 |  4- 6 |  7- 9 || total
-------------------------+-------+-------+-------++-------
Melee: War axe           |    97 |   129 |    20 ||   246
       Headbutt          |    12 |    17 |     5 ||    34
  Use: Scroll            |     2 |     5 |       ||     7
       Potion            |       |     1 |       ||     1
 Stab: Invisible         |       |     1 |       ||     1
  Eat: Chunk             |       |     6 |       ||     6
Armor: Scale mail        |    56 |    85 |    12 ||   153
Dodge: Dodged            |    46 |    71 |    14 ||   131
Block: Shield            |    28 |       |       ||    28
